AoeStats
← adrazduarte

Black Forest

510439436Analyzed
3v3 RM · 1d ago on Oct 1, 2026· 47m 17s· 6 players
Game mode
Random Map
Map size
Normal (6 player)
Population
200
Speed
Normal
Resources
Standard
Victory
Conquest
Starting age
Dark Age
Ending age
Imperial Age
RankedLock teamsTeams togetherTeam positionsShared explorationLock speedFull tech treeHidden civsTurbo modeCheats
Victory
Defeat
🇹🇼 Franks · Taiwan
1153
+9
🇨🇳 Bohemians · China
1121
+10
🇺🇸 Britons · United States
987
+14
🇲🇽 Persians · Mexico
1004
-12
🇺🇸 Turks · United States
989
-12
🇺🇸 Danes · United States
930
-9
minondo007
0:37 Loom
13:02 Feudal Age
19:15 Castle Age
17:46 Double-Bit Axe
17:43 Horse Collar
18:38 Stone Mining
28:29 Imperial Age
27:05 Bow Saw
27:13 Heavy Plow
29:07 Wheelbarrow
31:22 Fortified Wall
32:14 Forging
32:09 Scale Barding Armor
33:18 Bloodlines
35:37 Hand Cart
36:54 Artillery
37:11 Elite Janissary
adrazduarte
0:25 Loom
12:11 Feudal Age
15:58 Castle Age
14:12 Double-Bit Axe
15:28 Stone Mining
15:23 Horse Collar
16:54 Bow Saw
23:33 Heavy Plow
26:35 Wheelbarrow
31:09 Imperial Age
29:11 Bloodlines
30:04 Husbandry
30:11 Scale Barding Armor
31:21 Fletching
30:53 Cavalier
31:40 Town Watch
33:07 Forging
35:52 Hand Cart
36:25 Heavy Camel Rider
37:36 Chain Barding Armor
39:15 Plate Barding Armor
DitchFish6084
2:31 Loom
9:47 Feudal Age
10:07 Horse Collar
10:14 Double-Bit Axe
17:08 Castle Age
18:02 Bow Saw
24:44 Gold Mining
24:49 Stone Mining
25:08 Heavy Plow
29:18 Stone Shaft Mining
29:24 Gold Shaft Mining
33:05 Imperial Age
31:20 Fletching
33:10 Caravan
33:59 Ballistics
33:50 Masonry
33:15 Hamask
33:18 Elite Varangian Guard
33:47 Gambesons
34:47 Wheelbarrow
33:58 Town Watch
34:27 Forging
34:18 Scale Mail Armor
34:13 Bodkin Arrow
35:21 Chemistry
34:18 Murder Holes
35:08 Conscription
34:39 Arson
34:51 Elite Jomsviking
36:16 Hoardings
35:44 Squires
36:24 Iron Casting
36:05 Chain Mail Armor
36:09 Hand Cart
35:56 Town Patrol
39:27 Blast Furnace
39:03 Plate Mail Armor
3A
10:21 Feudal Age
12:47 Loom
15:07 Castle Age
14:23 Double-Bit Axe
16:19 Wheelbarrow
20:56 Gold Mining
22:14 Bow Saw
25:26 Scale Barding Armor
29:34 Imperial Age
28:17 Scale Barding Armor
28:22 Forging
29:19 Chain Barding Armor
29:39 Cavalier
30:58 Iron Casting
31:26 Gold Shaft Mining
32:01 Plate Barding Armor
32:04 Loom
32:25 Paladin
34:51 Husbandry
37:58 Blast Furnace
Batkon
12:18 Feudal Age
12:58 Double-Bit Axe
13:49 Wheelbarrow
14:16 Horse Collar
17:56 Castle Age
17:35 Stone Mining
19:03 Hand Cart
20:58 Fletching
22:54 Heavy Plow
26:46 Yeomen
31:19 Ballistics
30:57 Bodkin Arrow
31:13 Forging
31:05 Padded Archer Armor
33:48 Imperial Age
34:03 Iron Casting
33:44 Leather Archer Armor
34:07 Bow Saw
34:39 Warwolf
34:50 Bracer
36:17 Blast Furnace
36:12 Elite Longbowman
40:45 Ring Archer Armor
40:16 Scale Mail Armor
40:23 Scale Barding Armor
41:21 Chemistry
40:22 Pikeman
41:03 Squires
42:10 Halberdier
42:47 Gold Mining
43:21 Chain Mail Armor
42:39 Man-at-Arms
43:06 Gambesons
43:08 Arson
43:53 Long Swordsman
45:16 Sappers
45:38 Two-Handed Swordsman
46:55 Plate Mail Armor
47:48 Gold Shaft Mining
47:13 Town Watch
47:16 Loom
adai
0:47 Loom
12:42 Feudal Age
16:45 Castle Age
15:25 Double-Bit Axe
15:22 Horse Collar
21:35 Bow Saw
22:23 Wheelbarrow
25:00 Fervor
25:32 Hand Cart
29:21 Imperial Age
26:39 Town Watch
28:33 Chemistry
28:33 Ballistics
29:31 Wagenburg Tactics
29:10 Pikeman
29:51 Squires
30:07 Forging
30:10 Heavy Plow
31:11 Two-Man Saw
31:58 Conscription
31:56 Siege Engineers
32:22 Fortified Wall
33:14 Iron Casting
33:37 Caravan
33:35 Houfnice
34:16 Halberdier
34:59 Scale Mail Armor
36:01 Chain Mail Armor
36:47 Blast Furnace
36:08 Elite Skirmisher
37:21 Plate Mail Armor
38:55 Padded Archer Armor
38:50 Fletching
39:15 Murder Holes
39:54 Bodkin Arrow
41:57 Bombard Tower
41:51 Bracer
42:07 Leather Archer Armor
43:39 Ring Archer Armor
Connection lost

Rejoining the realm…

Still unreachable

The connection could not be restored.

Session expired

The server has moved on; the page needs a fresh start.